 Dungeon Crawl Stone Soup version 0.17-a0-2171-ga91b4ec (webtiles) character file.

984 Theosophistos the Covert (level 8, -1/53 HPs)
             Began as an Octopode Assassin on Oct 25, 2015.
             Slain by an orc
             ... wielding a +2 flail of protection
              (3 damage)
             ... on level 5 of the Dungeon.
             The game lasted 00:15:00 (4384 turns).

Theosophistos the Covert (Octopode Assassin)        Turns: 4384, Time: 00:15:00

Health: -1/53      AC:  1    Str: 11    XL:     8   Next: 17%
Magic:  8/8        EV: 13    Int: 18    God:
Gold:   2          SH:  0    Dex: 15    Spells: 0 memorised, 7 levels left

rFire  + . .     SeeInvis .     w - +0 rapier
rCold  . . .     Clarity  .     (no shield)
rNeg   . . .     SustAt   .     (helmet restricted)
rPois  .         Gourm    .     (no amulet)
rElec  +         Spirit   .     r - ring of protection from fire
rCorr  .         Warding  .     H - ring of the Forsaken Wars {+/*Tele rElec Int+5}
rMut   .         Rnd*Tele +     (no ring)
MR     .....                    (no ring)
Stlth  +++++++...               (no ring)
                                (no ring)
                                (no ring)
                                (no ring)

@: not resistant to hostile enchantments, extremely stealthy
A: almost no armour, amphibious, 8 rings, constrict 8, camouflage 1, gelatinous
body 1
a: Evoke Teleportation


You were on level 5 of the Dungeon.
You were not hungry.

You visited 1 branch of the dungeon, and saw 5 of its levels.

You collected 422 gold pieces.
You spent 420 gold pieces at shops.

Inventory:

Hand Weapons
 a - a +2 dagger
 b - a +0 blowgun
 f - a +0 short sword
 w - a +0 rapier (weapon)
Missiles
 c - 18 poisoned needles
 d - 8 curare-tipped needles
 k - 7 needles of confusion
Magical Staves
 m - an uncursed staff of air
Jewellery
 r - a ring of protection from fire (left tentacle)
 H - the ring of the Forsaken Wars (right tentacle) {+/*Tele rElec Int+5}
   (You bought it in a shop on level 5 of the Dungeon)

   [ring of teleportation]

   It may teleport you to nearby monsters, and can be evoked to randomly
   teleport.
   It affects your intelligence (+5).
   It insulates you from electricity.
Wands
 s - a wand of confusion (29)
Scrolls
 g - 6 scrolls of identify {unknown}
 h - 2 scrolls of remove curse {unknown}
 i - 2 scrolls of recharging {unknown}
 p - a scroll of immolation {unknown}
 q - a scroll of amnesia {unknown}
 v - a scroll of enchant weapon {unknown}
 x - 4 scrolls of blinking {unknown}
 y - a scroll of fear {unknown}
Potions
 j - 3 potions of curing {unknown}
 n - a potion of flight {unknown}
 t - a potion of cancellation {unknown}
 A - a potion of resistance {unknown}
 B - a potion of haste {unknown}
 C - a potion of brilliance {unknown}
 D - 2 potions of heal wounds {unknown}
 F - a potion of degeneration {unknown}
Books
 z - a book of Burglary

   Spells                             Type                      Level
   a - Swiftness                      Charms/Air                   2
   b - Passwall                       Transmutation/Earth          3
   c - Passage of Golubria            Translocation                4
   d - Lee's Rapid Deconstruction     Earth                        5
   e - Darkness                       Hexes                        6
   f - Invisibility                   Hexes                        6
 G - a Necronomicon

   Spells                             Type                      Level
   a - Haunt                          Necromancy/Summoning         7
   b - Borgnjor's Revivification      Necromancy                   8
   c - Death's Door                   Charms/Necromancy            8
   d - Necromutation                  Transmutation/Necromancy     8
Comestibles
 e - 2 bread rations
 l - 5 meat rations
 o - 3 fruits
 u - a slice of pizza
 E - a beef jerky


   Skills:
 + Level 3.6 Fighting
 + Level 3.9 Short Blades
 + Level 2.0 Throwing
 + Level 2.8 Dodging
 + Level 11.5 Stealth


You had 7 spell levels left.
You didn't know any spells.

Dungeon Overview and Level Annotations

Branches:
Dungeon (5/15)
 Temple: D:4-7

Altars:
Ashenzari
Fedhas
Kikubaaqudgha
Ru
The Shining One

Shops:
D:5 =


Innate Abilities, Weirdness & Mutations

You cannot wear most types of armour.
You are amphibious.
You can wear up to eight rings at the same time.
You can use your tentacles to constrict eight enemies at once.
Your skin changes colour to match your surroundings (Stealth).
Your rubbery body absorbs attacks (AC +1).


Message History

A hound comes into view.
The hound moves out of view.
Found a stone staircase leading up.
There is an open door here.
You hear the rapid rusting of a drain nearby.
You open the door.
The orc hits you with a flail of protection.
* * * LOW HITPOINT WARNING * * *
Found a blue potion.
There is an open door here.
You open the door. The orc barely misses you.
There is an open door here.
There is an escape hatch in the ceiling here.
The hound barks!
The hound bites you.
* * * LOW HITPOINT WARNING * * *
You barely miss the hound. Your grab misses the hound.
The hound barely misses you.
The orc hits you with a flail of protection.
You die...

'.....#.# #⌠.⌠.###.##....
#....##.# #.##.###.##.#######
+.......# #....>##.##!#..<...
####.#### #####.##........# #
#.# #..####.#h### ####.# #####
##.## #.#
.....#####...####..###.#########
.........'...'
##########...###@..[..#####.####
#...# #h.....# #.!.# #......#
##### #......# # #......# #
#......# # ####+### # #


You could see a hound and an orc.

Vanquished Creatures
  Sigmund (D:3)
  An ogre (D:4)
  A wasp (D:5)
  A phantom (D:5)
  2 centaurs
  A scorpion (D:5)
  A hound (D:4)
  3 orc wizards (D:5)
  An iguana (D:4)
  2 worker ants (D:4)
  2 gnolls (D:4)
  4 adders
  4 river rats (D:4)
  An ooze (D:3)
  5 giant geckos
  2 orcs (D:5)
  6 bats
  5 giant cockroaches
  3 hobgoblins
  3 jackals (D:1)
  11 kobolds
  A ball python (D:1)
  10 giant newts
  9 goblins
  5 rats
85 creatures vanquished.

Notes
Turn   | Place    | Note
--------------------------------------------------------------
     0 | D:1      | Theosophistos the Octopode Assassin began the quest for the Orb.
     0 | D:1      | Reached XP level 1. HP: 14/14 MP: 1/1
   218 | D:1      | Reached XP level 2. HP: 19/19 MP: 2/2
   279 | D:1      | Reached skill level 6 in Stealth
   994 | D:2      | Reached XP level 3. HP: 24/24 MP: 3/3
  1591 | D:3      | Reached skill level 7 in Stealth
  1591 | D:3      | Reached XP level 4. HP: 29/29 MP: 4/4
  2031 | D:3      | Found a glowing golden altar of the Shining One.
  2155 | D:3      | Noticed Sigmund
  2162 | D:3      | Killed Sigmund
  2162 | D:3      | Reached skill level 8 in Stealth
  2162 | D:3      | Reached XP level 5. HP: 35/35 MP: 5/5
  2162 | D:3      | Reached XP level 6. HP: 41/41 MP: 6/6
  2237 | D:3      | Found a shattered altar of Ashenzari.
  2242 | D:3      | Noticed a centaur
  2251 | D:3      | Killed a centaur
  2251 | D:3      | Reached skill level 9 in Stealth
  2263 | D:3      | Found an ancient bone altar of Kikubaaqudgha.
  2752 | D:4      | Found a sacrificial altar of Ru.
  3119 | D:4      | Reached XP level 7. HP: 46/46 MP: 7/7
  3335 | D:4      | Found a blossoming altar of Fedhas.
  3473 | D:4      | Reached skill level 10 in Stealth
  3853 | D:5      | Entered Level 5 of the Dungeon
  3901 | D:5      | Reached skill level 11 in Stealth
  3926 | D:5      | Reached XP level 8. HP: 35/52 MP: 8/8
  4304 | D:5      | Found Nil Qero's Jewellery Boutique.
  4310 | D:5      | Bought the ring of the Forsaken Wars {+/*Tele rElec Int+5} for 420 gold pieces
  4339 | D:5      | HP: 1/53 [orc/flail of protection (9)]
  4383 | D:5      | HP: 2/53 [hound (4)]
  4384 | D:5      | Slain by an orc

Vault maps used:
D:1:      lemuel_arrival_cross
D:3:      old_standard_altar, ashenzari_altar_1, lemuel_round_altar,
          first_bread, uniq_sigmund
D:4:      wad_woods_tower, fedhas_altar_1, nicolae_ru_path_of_blood
D:5:      serial_shops, shop_fountains, gup_sewer_entry_bowl,
          minmay_misc_feat_secret_circle

Action                   |  1- 3 |  4- 6 |  7- 9 || total
-------------------------+-------+-------+-------++-------
Melee: Short sword       |    51 |    44 |       ||    95
       Dagger            |     3 |       |       ||     3
       Staff             |       |     8 |       ||     8
       Rapier            |       |    11 |    59 ||    70
 Stab: Sleeping          |    15 |    19 |    11 ||    45
  Eat: Bread ration      |       |     2 |     1 ||     3
